 Dungeon Crawl Stone Soup version 0.19-a0-1740-g0bcaf2e (webtiles) character file.

349 Amnesiac the Digger (level 6, -1/41 HPs)
             Began as a Mummy Earth Elementalist on Oct 1, 2016.
             Slain by a river rat (5 damage)
             ... summoned by Eustachio
             ... on level 4 of the Dungeon.
             The game lasted 00:05:45 (1981 turns).

Amnesiac the Digger (Mummy Earth Elementalist)      Turns: 1981, Time: 00:05:47

Health: -1/41      AC:  5    Str: 11    XL:     6   Next: 33%
Magic:  2/9        EV: 12    Int: 15    God:
Gold:   138        SH:  0    Dex: 19    Spells: 3 memorised, 2 levels left

rFire  x . .     SeeInvis .     b - 12 stones
rCold  + . .     Gourm    .     c - +0 robe
rNeg   + + +     Faith    .     (no shield)
rPois  ∞         Spirit   .     (no helmet)
rElec  .         Dismiss  .     f - +2 cloak
rCorr  .         Reflect  .     (no gloves)
MR     .....     Harm     .     (no boots)
Stlth  ++........               (no amulet)
                                (no ring)
                                h - +5 ring of dexterity

@: no status effects
A: no food or potions, fire vulnerability, cold resistance 1, negative energy
resistance 3, torment resistance, unbreathing
a: no special abilities


You were on level 4 of the Dungeon.
You were not hungry.

You visited 1 branch of the dungeon, and saw 5 of its levels.

You collected 138 gold pieces.

Inventory:

Hand Weapons
 a - a +0 short sword
 g - a +0 trident
Missiles
 b - 12 stones (in hand)
Armour
 c - a +0 robe (worn)
 f - a +2 cloak (worn)
Jewellery
 h - a +5 ring of dexterity (left hand)
Scrolls
 e - a scroll of teleportation {unknown}
 i - a scroll of identify {unknown}
 j - a scroll of magic mapping {unknown}
Books
 d - a book of Geomancy

   Spells                             Type                      Level
   a - Sandblast                      Earth                        1
   b - Passwall                       Transmutation/Earth          2
   c - Stone Arrow                    Conjuration/Earth            3
   d - Petrify                        Transmutation/Earth          4
   e - Lee's Rapid Deconstruction     Earth                        5


   Skills:
 - Level 1.5 Dodging
 - Level 1.5 Stealth
 - Level 2.0 Spellcasting
 - Level 1.3 Transmutations
 + Level 5.8 Earth Magic


You had 2 spell levels left.
You knew the following spells:

 Your Spells              Type           Power        Failure   Level  Hunger
e - Petrify               Tmut/Erth      ##......     54%         4    N/A
f - Sandblast             Erth           ###...       1%          1    N/A
v - Passwall              Tmut/Erth      ##........   10%         2    N/A

Dungeon Overview and Level Annotations

Branches:
Dungeon (5/15)
 Temple: D:4-7

Altars:
Ru

Annotations:
D:2 exclusion: goblin
D:4 Eustachio; hairmachine's ghost, amateur DECj


Innate Abilities, Weirdness & Mutations

You do not eat or drink.
Your flesh is vulnerable to fire.
You are immune to poison.
Your flesh is cold resistant. (rC+)
You are immune to negative energy. (rN+++)
You are immune to unholy pain and torment.
You can survive without breathing.


Message History

Eustachio barely misses you. The quokka bites you.
You're too confused!
Unknown command.
The phantom blinks!
The quokka misses you. Eustachio hits you with a rapier.
* * * LOW HITPOINT WARNING * * *
The leopard gecko bites you but does no damage.
In your confused state, you trip and fall back down the stairs.
* * * LOW HITPOINT WARNING * * *
The quokka misses you.
The phantom blinks!
The river rat bites you but does no damage.
The rat barely misses you. The leopard gecko barely misses you.
Eustachio hits you with a rapier.
* * * LOW HITPOINT WARNING * * *
Unknown command.
Unknown command.
You feel less confused. The quokka bites you.
* * * LOW HITPOINT WARNING * * *
The river rat bites you.
You die...

######### #r@r....# #@rl....# ..
########rW.....# ######### ...
###..............###.......)
....#...##†..............#######
#......##.@r###.......##### #
.(..###..)..# ##.###### #
.#.#....rr#.# #.# ##
....§##.l##.# ##.# ###.


You could see Eustachio, a phantom, 2 river rats, a leopard gecko, a quokka and
a rat.

Vanquished Creatures
  An ogre (D:4)
  A phantom (D:5)
  A howler monkey (D:4)
  3 orc wizards (D:4)
  3 adders
  A leopard gecko (D:3)
  5 orcs
  2 bats
  A giant cockroach (D:3)
  A hobgoblin (D:2)
  3 frilled lizards
  6 goblins
  5 kobolds
  2 rats (D:1)
35 creatures vanquished.

Notes
Turn   | Place    | Note
-------+----------+-------------------------------------------
     0 | D:1      | Amnesiac the Mummy Earth Elementalist began the quest for the Orb.
     0 | D:1      | Reached XP level 1. HP: 13/13 MP: 3/3
   108 | D:1      | Reached XP level 2. HP: 19/19 MP: 5/5
   114 | D:1      | Reached skill level 3 in Earth Magic
   142 | D:1      | Learned a level 2 spell: Passwall
   542 | D:2      | Reached skill level 1 in Transmutations
  1074 | D:4      | Noticed hairmachine's ghost (amateur DECj)
  1096 | D:4      | Noticed an ogre
  1111 | D:4      | Killed an ogre
  1111 | D:4      | Reached skill level 4 in Earth Magic
  1111 | D:4      | Reached XP level 3. HP: 13/24 MP: 0/6
  1111 | D:4      | Reached XP level 4. HP: 16/30 MP: 0/7
  1261 | D:4      | Noticed a phantom
  1292 | D:5      | Entered Level 5 of the Dungeon
  1345 | D:5      | Noticed a phantom
  1360 | D:5      | Killed a phantom
  1360 | D:5      | Reached XP level 5. HP: 32/35 MP: 0/8
  1467 | D:5      | Found a sacrificial altar of Ru.
  1479 | D:5      | Reached skill level 5 in Earth Magic
  1534 | D:5      | Learned a level 4 spell: Petrify
  1825 | D:4      | Reached XP level 6. HP: 33/41 MP: 6/9
  1947 | D:4      | Noticed Eustachio
  1981 | D:4      | Slain by a river rat

Vault maps used:
D:1:      dpeg_arrival_tiny_f, roderic_three_in_a_row, corexii_hall_statues_x,
          st_stairs_6
D:2:      kennysheep_goblin_castle, fedhas_altar_4
D:4:      first_bread, uniq_eustachio
D:5:      nicolae_ru_sacrificial_ziggurat

Skill      XL: |  1  2  3  4  5 |
---------------+----------------+-----
Earth Magic    | 4 5 |  5.8
Transmutations | 1 |  1.3
Dodging        | |  1.5
Stealth        | |  1.5
Spellcasting   | |  2.0

Action                   |  1- 3 |  4- 6 || total
-------------------------+-------+-------++-------
Melee: Short sword       |    58 |       ||    58
 Cast: Sandblast         |    18 |    41 ||    59
Armor: Robe              |    11 |     8 ||    19
Dodge: Dodged            |    49 |    14 ||    63
